Map: Avalon Labs

Players

Blubbel

  • Race: Terran Terran
  • League: Silver

zod

  • Race: Protoss Protoss
  • League: Silver

MasteroP

  • Race: Zerg Zerg
  • League: Gold

Klakier

  • Race: Protoss Protoss
  • League: Silver

Habakuk

  • Race: Zerg Zerg
  • League: Platinum

broukilon

  • Race: Protoss Protoss
  • League: Gold

VOD

Have the link to the VOD?

Description

Time

  • Played on: Jan. 20, 2016, 2:52 p.m.
  • Length: 5:35
Show
View Real Time Build Order
Export as new Build Order

Blubbel Terran 

Build Orders:  

Get SALT Encoding   

  12  0:02  SCV  
  13  0:14  SCV  
  14  0:27  SCV  
  15  0:28  Supply Depot  
  15  0:37  Refinery  
  15  0:50  SCV  
  15  0:55  Barracks  
  16  1:05  SCV  
  17  1:17  SCV  
  18  1:29  SCV  
  19  1:42  Supply Depot  
  19  1:50  Command Center, SCV  
  20  1:57  Factory  
  20  2:07  Marine  
  22  2:22  SCV  
  22  2:25  Refinery  
  22  2:35  SCV  
  23  2:52  Marine  
  23  2:54  Supply Depot  
  24  3:02  Starport  
  24  3:03  SCV  
  26  3:08  Orbital Command  
  26  3:10  Widow Mine  
  27  3:13  Marine  
  28  3:20  Supply Depot  
  27  3:39  SCV  
  27  3:40  SCV  
  29  3:46  Widow Mine  
  29  3:47  Medivac  
  33  3:51  SCV  
  33  3:52  SCV  
  33  3:53  Barracks  
  31  4:52  Barracks  
  28  4:56  Widow Mine  
  28  4:58  Marine  
  24  5:16  Marine  
  27  5:22  SCV  
Show
View Real Time Build Order
Export as new Build Order

zod Protoss 

Build Orders: 1 Gate Expand 

Get SALT Encoding   

  12  0:01  Probe (Chrono Boost)  
  13  0:12  Probe (Chrono Boost)  
  14  0:20  Pylon  
  14  0:24  Probe (Chrono Boost)  
  15  0:39  Probe (Chrono Boost)  
  15  0:41  Gateway  
  16  0:49  Probe (Chrono Boost)  
  17  0:52  Assimilator  
  17  1:00  Probe (Chrono Boost)  
  18  1:10  Probe (Chrono Boost)  
  19  1:27  Probe (Chrono Boost), Nexus  
  20  1:39  Cybernetics Core  
  20  2:00  Gateway  
  20  2:05  Pylon  
  20  2:18  Warp Gate (Chrono Boost)  
  20  2:27  Gateway  
  20  2:33  Pylon  
  20  2:35  Forge  
  20  2:40  Mothership Core (Chrono Boost)  
  22  2:47  Adept  
  22  2:48  Adept  
  26  2:55  Assimilator  
  26  2:58  Probe x2 (Chrono Boost)  
  28  3:17  Pylon  
  28  3:23  Probe x2 (Chrono Boost)  
  30  3:34  Probe x2 (Chrono Boost)  
  32  3:36  Protoss Ground Weapons Level 1  
  32  3:42  Robotics Facility  
  32  3:51  Probe  
  32  3:53  Probe  
  34  3:56  Assimilator  
  34  4:00  Assimilator  
  34  4:02  Probe  
  34  4:05  Probe  
  12  4:48  Pylon  
  12  5:05  Probe  
  12  5:06  Probe  
  14  5:15  Probe  
  14  5:18  Probe  
Show
View Real Time Build Order
Export as new Build Order

MasteroP Zerg 

Build Orders: Pool First 

Get SALT Encoding   

  12  0:01  Drone  
  13  0:12  Overlord  
  13  0:20  Drone  
  14  0:32  Drone x2  
  16  0:38  Drone  
  17  0:48  Spawning Pool  
  16  0:50  Drone  
  17  1:01  Drone  
  18  1:09  Extractor  
  17  1:20  Drone  
  18  1:30  Hatchery  
  17  1:34  Drone x2  
  17  1:37  Queen  
  21  1:44  Overlord  
  21  1:55  Zergling x2  
  22  2:02  Zergling x2  
  23  2:11  Zergling x2  
  24  2:18  Roach Warren  
  24  2:44  Drone x4  
  24  2:48  Queen  
  29  2:54  Overlord x2  
  29  2:59  Extractor  
  29  3:00  Drone x2  
  29  3:03  Overlord  
  30  3:09  Lair  
  30  3:26  Drone x4  
  30  3:27  Drone  
  35  3:56  Roach  
  35  3:57  Roach x5  
  47  4:04  Hatchery  
  47  4:09  Roach x2  
  50  4:23  Overseer  
  50  4:24  Overseer  
  42  4:45  Roach x2  
  36  5:01  Roach x2  
Show
View Real Time Build Order
Export as new Build Order

Klakier Protoss 

Build Orders: Phoenix Opening 

Get SALT Encoding   

  12  0:10  Pylon  
  13  0:14  Probe (Chrono Boost)  
  13  0:29  Gateway  
  13  0:36  Assimilator  
  13  0:43  Probe (Chrono Boost)  
  13  0:49  Assimilator  
  14  1:04  Probe (Chrono Boost)  
  15  1:15  Probe (Chrono Boost)  
  15  1:17  Cybernetics Core  
  16  1:23  Pylon  
  17  1:25  Probe (Chrono Boost)  
  17  1:36  Probe (Chrono Boost)  
  18  1:47  Probe (Chrono Boost)  
  19  1:58  Mothership Core (Chrono Boost)  
  20  2:27  Stargate  
  19  2:43  Probe (Chrono Boost)  
  20  2:54  Probe (Chrono Boost), Stargate  
  21  3:09  Probe (Chrono Boost)  
  21  3:10  Nexus  
  22  3:13  Phoenix  
  24  3:26  Probe (Chrono Boost)  
  25  3:29  Pylon  
  25  3:38  Phoenix  
  27  3:55  Probe (Chrono Boost)  
  28  3:58  Assimilator  
  28  4:03  Assimilator  
  28  4:05  Phoenix  
  31  4:10  Probe (Chrono Boost)  
  31  4:17  Phoenix  
  33  4:35  Stargate  
  33  4:45  Probe (Chrono Boost)  
  34  4:53  Phoenix  
  34  4:56  Probe (Chrono Boost)  
  37  5:05  Probe (Chrono Boost)  
  37  5:06  Probe (Chrono Boost)  
  39  5:16  Probe x2 (Chrono Boost)  
Show
View Real Time Build Order
Export as new Build Order

Habakuk Zerg 

Build Orders: Pool First 

Get SALT Encoding   

  12  0:01  Drone  
  13  0:12  Overlord  
  13  0:17  Drone  
  14  0:23  Extractor  
  14  0:25  Drone  
  14  0:41  Spawning Pool  
  13  0:45  Drone  
  13  0:49  Drone  
  15  0:54  Drone  
  16  1:29  Queen  
  18  1:33  Zergling x6  
  18  1:35  Metabolic Boost  
  21  1:52  Hatchery  
  20  1:58  Overlord  
  20  2:07  Queen  
  22  2:29  Zergling x6  
  24  2:45  Zergling x6  
  27  2:53  Zergling x2  
  28  3:01  Overlord  
  28  3:05  Overlord  
  28  3:22  Zergling x2  
  28  3:23  Zergling x8  
  32  3:32  Zergling x4  
  33  3:37  Zergling x2  
  34  3:44  Zergling x8  
  38  3:49  Zergling x6  
  41  3:55  Zergling x2  
  41  3:56  Zergling x2  
  37  4:11  Zergling x2  
  35  4:18  Zergling x2  
  35  4:19  Zergling x12  
  35  4:23  Zergling x4  
  32  4:45  Zergling x8  
  35  4:50  Drone  
  33  5:13  Zergling x2  
  34  5:14  Zergling x6  
Show
View Real Time Build Order
Export as new Build Order

broukilon Protoss 

Build Orders: Dark Templar Rush 

Get SALT Encoding   

  12  0:09  Pylon  
  12  0:13  Probe (Chrono Boost)  
  13  0:27  Gateway  
  13  0:30  Probe (Chrono Boost)  
  14  0:39  Assimilator  
  14  0:41  Probe (Chrono Boost)  
  15  0:52  Probe (Chrono Boost), Assimilator  
  16  1:14  Cybernetics Core  
  16  1:32  Probe (Chrono Boost)  
  17  1:34  Pylon  
  17  1:53  Twilight Council  
  17  1:58  Warp Gate (Chrono Boost)  
  17  2:07  Gateway  
  17  2:08  Gateway  
  17  2:24  Gateway  
  17  2:40  Dark Shrine  
  17  3:20  Pylon  
  17  3:52  Dark Templar x2  
  17  3:53  Dark Templar x2  
  19  4:58  Dark Templar x3  
  23  5:13  Dark Templar  
  25  5:19  Probe (Chrono Boost)  
  26  5:27  Nexus  
Tags
 
Add a new tag
Caveats
  • Supply blocks, unpowered buildings, or Contaminate may cause inaccurate times.
  • Supply counts are checked every 10 seconds.